 Dungeon Crawl Stone Soup version 0.31-a0-210-gccc998df9b (webtiles) character file.

Game seed: 1383120398645123059

38559 qw the Severer (level 14, -2/90 HPs)
             Began as a Gargoyle Fighter on June 29, 2023.
             Was a High Priest of Okawaru.
             Splashed by a goliath frog's acid (7 damage)
             ... on level 5 of the Lair of Beasts.
             The game lasted 00:07:08 (13962 turns).

qw the Severer (Gargoyle Fighter)                  Turns: 13962, Time: 00:07:09

Health: -2/90      AC: 29    Str: 21    XL:     14   Next: 2%
Magic:  20/21      EV: 10    Int: 11    God:    Okawaru [*****.]
Gold:   726        SH: 11    Dex:  9    Spells: 13/13 levels left

rFire   . . .        Y - +0 broad axe
rCold   + . .        c - +0 buckler
rNeg    + . .        v - +0 plate armour
rPois   inf          (no helmet)
rElec   +            m - +2 cloak
rCorr   .            g - +1 pair of gloves
SInv    +            e - +2 pair of boots
Will    +....        i - amulet of reflection Stlth
                     A - ring of see invisible
HPRegen 0.35/turn    p - ring of protection from cold
MPRegen 0.17/turn

%: reflection
@: about to teleport, heroic, corroded, flying
A: sickness immunity, AC +10, big wings, negative energy resistance 1,
electricity resistance, torment resistance 1, petrification resistance, passive
freeze, weak 1, wild magic 1, sturdy frame 1
a: Renounce Religion, Heroism, Finesse, Duel


You were on level 5 of the Lair of Beasts.
You worshipped Okawaru.
Okawaru was extremely pleased with you.
You visited 3 branches of the dungeon, and saw 16 of its levels.
You also visited: Sewer.

You collected 859 gold pieces.
You spent 133 gold pieces at shops.


Innate Abilities, Weirdness & Mutations

You are immune to sickness and miasma.
Your stone body is resilient. (AC +10)
You are immune to poison.
Your large and strong wings let you fly.
You resist negative energy. (rN+)
You are resistant to electric shocks. (rElec)
You are resistant to unholy torment.
You are immune to petrification.
A frigid envelope surrounds you and freezes all who hurt you.
You are weak. (Str -2)
Your spells are a little harder to cast, but a little more powerful.
Your movements are slightly less encumbered by armour. (ER -2)


   Skills:
 + Level 11.0(16.0) Fighting
 - Level 15.0(20.0) Axes
 - Level 1.2(6.2) Throwing
 - Level 11.0(16.0) Armour
 - Level 2.4(7.4) Dodging
 - Level 7.0(12.0) Shields
 - Level 10.0 Invocations


You had 13 spell levels left.
You didn't know any spells.
Your spell library was empty.

Inventory:

Hand Weapons
 f - a +0 morningstar
 Y - a +0 broad axe (weapon)
Armour
 b - the +2 ring mail "Woxiacie" {rCorr Str+4}
   (You found it on level 8 of the Dungeon)

   Str:       It affects your strength (+4).
   rCorr:     It protects you from acid and corrosion.
 c - a +0 buckler (worn)
 e - a +2 pair of boots (worn)
 g - a +1 pair of gloves (worn)
 m - a +2 cloak (worn)
 v - a +0 plate armour (worn)
Jewellery
 i - an amulet of reflection (around neck)
 n - a ring of wizardry
 p - a ring of protection from cold (right hand)
 s - a ring of resist corrosion
 y - a ring of willpower
 z - a ring of ice
 A - a ring of see invisible (left hand)
Scrolls
 h - 2 scrolls of identify
 w - 2 scrolls of teleportation
Potions
 a - 2 potions of mutation
 d - 7 potions of might
 j - 5 potions of heal wounds
 k - a potion of magic
 l - 4 potions of attraction
 o - a potion of enlightenment
 q - 8 potions of curing
 r - a potion of haste
 t - a potion of cancellation
 u - 2 potions of lignification

Dungeon Overview and Level Annotations

Branches:
Dungeon (10/15)            Temple (1/1) D:7            Lair (5/5) D:10
  Swamp (0/4) Lair:2       Spider (0/4) Lair:2        Sewer (visited)
  Slime: Lair:4-5       Orc: D:9-12

Altars:
Ashenzari
Cheibriados
Dithmenos
Elyvilon
Fedhas
Gozag
Hepliaklqana
Kikubaaqudgha
Makhleb
Nemelex Xobeh
Okawaru
Qazlal
Ru
Sif Muna
Trog
Uskayaw
Vehumet
Wu Jian
Xom
Yredelemnul
Zin
The Shining One

Shops:
D:1 (   D:7 ?   D:10 (

Annotations:
D:8 2 transporters, qw's ghost, novice GrFi
D:9 6 transporters


Message History

As you read the scroll of teleportation, it crumbles to dust.
You feel strangely unstable. The goliath frog closely misses you.
The blink frog hits you but does no damage.
The blink frog is very cold.
The blink frog is lightly wounded.
The blink frog blinks!
The goliath frog hits you but does no damage.
The cane toad barely misses you.
13960 ||| DRINKING 6 potions of heal wounds.
You feel much better.
The blink frog is no longer moving slowly.
You block the goliath frog's attack.
The blink frog hits you but does no damage.
The goliath frog hits you from afar! The acid corrodes you!
You are splashed with acid!
A blink frog comes into view.
The goliath frog barely misses you.
The blink frog gives a loud, deep croak!
You hit the blink frog.
The blink frog is moderately wounded.
You hit the vampire mosquito. You slash the cane toad!
You hear a loud, deep croak! x2
The vampire mosquito bites you but does no damage.
The vampire mosquito is very cold.
The vampire mosquito is lightly damaged.
You block the blink frog's attack.
The blink frog blinks!
You block the goliath frog's attack.
The cane toad stings you but does no damage.
The cane toad is very cold.
The cane toad is heavily wounded.
The vampire mosquito closely misses you.
You hit the cane toad.
The cane toad is severely wounded.
You hit the vampire mosquito. You hit the blink frog. The blink frog hits you!
The blink frog is very cold.
The blink frog is heavily wounded.
The goliath frog hits you from afar! The acid corrodes you!
You are splashed with acid!
You die...

........# #..##.....#.
~PP.......P##..###...#.#
~~....<....##.## #...#.#
~~~~~~....##..#####.....
P~~..~....#.....##......
~~~~P.....%##.####......
P~~~.....%....# #......
~~~~F~y~.%....#. ##.....
P~~~PFF@~.......# #.....
~~~~..F%#.....### #.....
ยค~~~~FF~P.......#
#..... ~~#~~~.~.......##
..... ~ #~~~.P.........
##~~........#P.
~~~P..........
~~~~..........


You could see 2 goliath frogs, a cane toad (slow), 3 blink frogs and a vampire
mosquito.

Vanquished Creatures
  2 hydras
  A catoblepas (Lair:2)
  5 two-headed ogres
  8 death yaks
  2 bog bodies (Lair:2)
  A lindwurm (Lair:3)
  6 elephants (Lair:3)
  2 black mambas
  A torpor snail (Lair:4)
  2 unseen horrors
  8 cane toads
  7 rime drakes
  5 komodo dragons
  2 polar bears (Lair:1)
  11 blink frogs
  A shadow (D:10)
  A wyvern (Lair:1)
  6 basilisks
  57 yaks
  Grum (D:8)
  A steam dragon (D:9)
  3 redbacks (Lair:2)
  A swamp worm (Lair:2)
  2 vampire mosquitoes (Lair:5)
  5 water moccasins
  6 ice beasts
  2 black bears
  A sky beast (D:6)
  4 orc warriors
  21 wolves
  2 centaurs
  A phantom (D:5)
  4 kobold brigands
  2 gnoll sergeants
  13 bullfrogs
  2 scorpions
  5 killer bees (D:10)
  An electric eel (Lair:2)
  2 howler monkeys
  2 hounds
  5 orc priests
  A gnoll bouda (D:7)
  3 jellies (Sewer)
  6 iguanas
  8 orc wizards
  7 gnolls (D:7)
  9 adders
  2 worms (D:2)
  A dart slug (D:3)
  28 orcs
  11 endoplasms
  5 giant cockroaches
  2 goblins
  8 hobgoblins
  5 jackals (D:2)
  34 kobolds
  6 quokkas
  5 ball pythons
  5 bats
  11 frilled lizards
  6 rats
377 creatures vanquished.

Notes
Turn   | Place    | Note
-------+----------+-------------------------------------------
     0 | D:1      | qw the Gargoyle Fighter began the quest for the Orb.
     0 | D:1      | Reached XP level 1. HP: 14/14 MP: 1/1
     0 | D:1      | 0 ||| qw: Version: 0.3-a-24-ga2abf7b
     0 | D:1      | 0 ||| qw: Game counter: 6748
     0 | D:1      | 0 ||| qw: Melee chars always use a shield: true
     0 | D:1      | 0 ||| qw: God list: Okawaru
     0 | D:1      | 0 ||| qw: Allow faded altars: false
     0 | D:1      | 0 ||| qw: Do Orc after clearing Dungeon:15 true
     0 | D:1      | 0 ||| qw: Do second Lair branch before Depths: true
     0 | D:1      | 0 ||| qw: Lair rune preference: random
     0 | D:1      | 0 ||| qw: Goals: Normal, Zot:1-4, Slime:5, God:TSO, Crypt,
                  | Tomb, Abyss, Pan, Hells, Win
     0 | D:1      | 0 ||| PLANNING D:1-11
   233 | D:1      | Reached skill level 2 in Axes
   273 | D:1      | 273 ||| DROPPING +0 whip.
   274 | D:1      | Found Zorepn's Weapon Shop.
   283 | D:1      | 283 ||| SHOPLISTING +3 heavy war axe (233 gold, have 19).
   304 | D:1      | Reached XP level 2. HP: 17/19 MP: 2/2
   579 | D:1      | 579 ||| UPGRADING to +0 pair of boots.
   584 | D:1      | 584 ||| UPGRADING to +0 chain mail.
   594 | D:1      | 594 ||| DROPPING +0 scale mail.
   595 | D:1      | 595 ||| READING scroll labelled COTOIT JUBU.
   596 | D:1      | 596 ||| READING 2 scrolls labelled CENIVOUCUCA.
   597 | D:1      | 597 ||| READING scroll labelled TUMOPH LYIGOT ZAKK.
   598 | D:1      | 598 ||| READING scroll labelled COMAIN HANO.
   619 | D:2      | 619 ||| STAIRDANCE
   750 | D:2      | Reached skill level 3 in Axes
   765 | D:2      | Identified the +0 leather armour "Fanis Nukho" {rN+ MP+9}
   830 | D:2      | Reached XP level 3. HP: 23/23 MP: 3/3
  1151 | D:2      | Found a faded altar of an unknown god.
  1303 | D:2      | Reached XP level 4. HP: 28/28 MP: 4/4
  1364 | D:2      | 1364 ||| READING scroll labelled UTTUEF RUMI.
  1365 | D:2      | 1365 ||| DRINKING 3 bubbling white potions.
  1365 | D:2      | Gained mutation: You occasionally lose the ability to read
                  | scrolls when taking damage. [potion of mutation]
  1365 | D:2      | Gained mutation: You are partially covered in iridescent
                  | scales. (AC +2) [potion of mutation]
  1366 | D:2      | 1366 ||| DRINKING 2 potions of mutation.
  1366 | D:2      | Lost mutation: You occasionally lose the ability to read
                  | scrolls when taking damage. [potion of mutation]
  1366 | D:2      | Lost mutation: You are partially covered in iridescent
                  | scales. (AC +2) [potion of mutation]
  1366 | D:2      | Gained mutation: Your spells are a little harder to cast,
                  | but a little more powerful. [potion of mutation]
  1366 | D:2      | Gained mutation: You are weak. (Str -2) [potion of
                  | mutation]
  1366 | D:2      | Gained mutation: A frigid envelope surrounds you and
                  | freezes all who hurt you. [potion of mutation]
  1366 | D:2      | Gained mutation: Your movements are slightly less
                  | encumbered by armour. (ER -2) [potion of mutation]
  1547 | D:3      | Reached skill level 4 in Axes
  1614 | D:3      | 1614 ||| Stepping ~*~*~tactically~*~*~ (stealth).
  1980 | D:3      | 1980 ||| READING 3 scrolls labelled PUXUJ QOFOI.
  1981 | D:3      | 1981 ||| DROPPING 2 scrolls of fog.
  2032 | D:4      | Reached XP level 5. HP: 26/32 MP: 5/5
  2086 | D:4      | 2086 ||| DROPPING +0 mace.
  2177 | D:4      | Reached skill level 5 in Axes
  2506 | D:4      | Found a shimmering altar of Xom.
  2507 | D:4      | Found a radiant altar of Vehumet.
  2509 | D:4      | Found a basalt altar of Yredelemnul.
  2511 | D:4      | Found an ornate altar of the Wu Jian Council.
  2718 | D:4      | 2718 ||| UPGRADING to amulet of reflection.
  2723 | D:4      | 2723 ||| UPGRADING to ring of willpower.
  2724 | D:4      | 2724 ||| READING 4 scrolls labelled FICSEA ZEISAF.
  2745 | D:4      | 2745 ||| DRINKING 2 lumpy green potions.
  2746 | D:4      | 2746 ||| DROPPING 3 scrolls of torment.
  2768 | D:5      | Entered Level 5 of the Dungeon
  2772 | D:5      | Reached XP level 6. HP: 35/38 MP: 6/6
  2776 | D:5      | 2776 ||| FLEEEEING.
  2777 | D:5      | 2777 ||| STAIRDANCE
  2817 | D:5      | 2817 ||| STAIRDANCE
  2862 | D:5      | 2862 ||| STAIRDANCE
  2911 | D:5      | Reached skill level 6 in Axes
  2980 | D:5      | Reached XP level 7. HP: 41/43 MP: 7/7
  3156 | D:5      | Reached skill level 1 in Dodging
  3429 | D:5      | 3429 ||| UPGRADING to ring of resist corrosion.
  3430 | D:5      | 3430 ||| READING 2 scrolls labelled HEJIVV SOULACY.
  3431 | D:5      | 3431 ||| READING scroll labelled GUTHRO ACUIT.
  3432 | D:5      | 3432 ||| READING scroll labelled ZOMANU SUAS.
  3433 | D:5      | 3433 ||| READING scroll labelled BOESUE WEKHIRE.
  3434 | D:5      | 3434 ||| DRINKING 2 fizzy coppery potions.
  3435 | D:5      | 3435 ||| READING 5 scrolls of identify.
  3435 | D:5      | 3435 ||| IDENTIFYING purple potion
  3436 | D:5      | 3436 ||| READING 4 scrolls of identify.
  3436 | D:5      | 3436 ||| IDENTIFYING lumpy brown potion
  3437 | D:5      | 3437 ||| READING 3 scrolls of identify.
  3437 | D:5      | 3437 ||| IDENTIFYING red potion
  3438 | D:5      | 3438 ||| READING 2 scrolls of identify.
  3438 | D:5      | 3438 ||| IDENTIFYING smoky purple potion
  3439 | D:5      | 3439 ||| DROPPING scroll of fear.
  3440 | D:5      | 3440 ||| DROPPING potion of ambrosia.
  3457 | D:6      | 3457 ||| PLANNING SEWER
  3481 | D:6      | Reached skill level 7 in Axes
  3731 | D:6      | 3731 ||| Stepping ~*~*~tactically~*~*~ (water).
  3734 | D:6      | 3734 ||| Stepping ~*~*~tactically~*~*~ (water).
  3750 | D:6      | 3750 ||| Stepping ~*~*~tactically~*~*~ (water).
  3767 | D:6      | 3767 ||| Stepping ~*~*~tactically~*~*~ (water).
  3770 | D:6      | Found a glowing drain.
  3774 | D:6      | 3774 ||| UPGRADING to ring of protection from cold.
  3781 | D:6      | 3781 ||| UPGRADING to ring of willpower.
  3788 | Sewer    | Entered a sewer
  3820 | Sewer    | 3820 ||| Stepping ~*~*~tactically~*~*~ (water).
  3857 | Sewer    | 3857 ||| Stepping ~*~*~tactically~*~*~ (stealth).
  3898 | Sewer    | Reached skill level 1 in Throwing
  3898 | Sewer    | Reached XP level 8. HP: 49/49 MP: 8/8
  3960 | Sewer    | Found a viscous altar of Jiyva.
  3991 | Sewer    | 3991 ||| Stepping ~*~*~tactically~*~*~ (water).
  4003 | Sewer    | 4003 ||| READING scroll labelled VIRONY SEGYQUBAO.
  4018 | D:6      | 4018 ||| PLANNING D:1-11
  4488 | D:7      | 4488 ||| Stepping ~*~*~tactically~*~*~ (hiding).
  4586 | D:7      | 4586 ||| FLEEEEING.
  4674 | D:7      | 4674 ||| Stepping ~*~*~tactically~*~*~ (hiding).
  4677 | D:7      | 4677 ||| Stepping ~*~*~tactically~*~*~ (hiding).
  4683 | D:7      | Reached skill level 8 in Axes
  4691 | D:7      | Reached skill level 6 in Fighting
  4796 | D:7      | Found The Oracle's Delphic Readings.
  4800 | D:7      | 4800 ||| BUYING scroll of enchant armour (105 gold).
  4800 | D:7      | Bought a scroll of enchant armour for 105 gold pieces
  4800 | D:7      | 4800 ||| BUYING scroll of identify (28 gold).
  4800 | D:7      | Bought a scroll of identify for 28 gold pieces
  4800 | D:7      | 4800 ||| READING scroll of enchant armour.
  4800 | D:7      | 4800 ||| ENCHANTING +0 pair of boots.
  4896 | D:7      | Found a glowing golden altar of the Shining One.
  4972 | D:7      | 4972 ||| READING scroll of enchant armour.
  4972 | D:7      | 4972 ||| ENCHANTING +1 pair of boots.
  5050 | D:7      | 5050 ||| Stepping ~*~*~tactically~*~*~ (stealth).
  5053 | D:7      | 5053 ||| FLEEEEING.
  5054 | D:7      | 5054 ||| FLEEEEING.
  5055 | D:7      | 5055 ||| FLEEEEING.
  5056 | D:7      | 5056 ||| FLEEEEING.
  5057 | D:7      | 5057 ||| FLEEEEING.
  5066 | D:7      | 5066 ||| FLEEEEING.
  5067 | D:7      | 5067 ||| Stepping ~*~*~tactically~*~*~ (hiding).
  5076 | D:7      | Reached XP level 9. HP: 48/55 MP: 9/9
  5264 | D:7      | Found a glowing silver altar of Zin.
  5289 | D:7      | Found a staircase to the Ecumenical Temple.
  5290 | D:7      | 5290 ||| PLANNING TEMPLE
  5290 | D:7      | 5290 ||| UPGRADING to +0 plate armour.
  5300 | D:7      | 5300 ||| DROPPING +0 chain mail.
  5301 | D:7      | 5301 ||| READING 3 scrolls of identify.
  5301 | D:7      | 5301 ||| IDENTIFYING sedimented brown potion
  5302 | D:7      | 5302 ||| READING 2 scrolls of identify.
  5302 | D:7      | 5302 ||| IDENTIFYING viscous yellow potion
  5303 | D:7      | 5303 ||| DROPPING potion of brilliance.
  5304 | D:7      | 5304 ||| DROPPING potion of invisibility.
  5310 | Temple   | Entered the Ecumenical Temple
  5338 | Temple   | 5338 ||| PLANNING OKAWARU WORSHIP
  5477 | Temple   | Became a worshipper of Warmaster Okawaru
  5478 | Temple   | 5478 ||| PLANNING D:1-11
  5609 | D:8      | Noticed a two-headed ogre
  5610 | D:8      | Noticed Grum
  5623 | D:8      | Killed a two-headed ogre
  5623 | D:8      | Reached * piety under Okawaru
  5624 | D:8      | Reached skill level 9 in Axes
  5624 | D:8      | 5624 ||| INVOKING Heroism.
  5632 | D:8      | Killed Grum
  5633 | D:8      | Reached skill level 1 in Invocations
  5762 | D:8      | Found a blossoming altar of Fedhas.
  5838 | D:8      | 5838 ||| Stepping ~*~*~tactically~*~*~ (stealth).
  5840 | D:8      | 5840 ||| Stepping ~*~*~tactically~*~*~ (stealth).
  5842 | D:8      | 5842 ||| Stepping ~*~*~tactically~*~*~ (hiding).
  5843 | D:8      | 5843 ||| Stepping ~*~*~tactically~*~*~ (stealth).
  5844 | D:8      | 5844 ||| Stepping ~*~*~tactically~*~*~ (stealth).
  5849 | D:8      | 5849 ||| Stepping ~*~*~tactically~*~*~ (stealth).
  5850 | D:8      | 5850 ||| Stepping ~*~*~tactically~*~*~ (stealth).
  5851 | D:8      | 5851 ||| Stepping ~*~*~tactically~*~*~ (stealth).
  5866 | D:8      | 5866 ||| DROPPING +0 flail.
  5943 | D:8      | Noticed a two-headed ogre
  5944 | D:8      | 5944 ||| INVOKING Heroism.
  5954 | D:8      | Killed a two-headed ogre
  5955 | D:8      | Reached XP level 10. HP: 50/63 MP: 9/13
  6000 | D:8      | Found a transporter.
  6007 | D:8      | Found a transporter.
  6018 | D:8      | Noticed qw's ghost (novice GrFi)
  6046 | D:8      | Identified the +2 ring mail "Woxiacie" {rCorr Str+4}
  6189 | D:8      | 6189 ||| INVOKING Heroism.
  6331 | D:8      | 6331 ||| READING scroll of enchant weapon.
  6331 | D:8      | 6331 ||| ENCHANTING +1 war axe.
  6566 | D:8      | 6566 ||| UPGRADING to +0 pair of gloves.
  6571 | D:8      | 6571 ||| READING 2 scrolls of identify.
  6571 | D:8      | 6571 ||| IDENTIFYING fizzy brown potion
  6572 | D:8      | 6572 ||| DROPPING potion of berserk rage.
  6604 | D:9      | 6604 ||| STAIRDANCE
  6608 | D:8      | Reached skill level 6 in Armour
  6610 | D:8      | Reached skill level 10 in Axes
  6669 | D:9      | 6669 ||| STAIRDANCE
  6673 | D:8      | 6673 ||| INVOKING Heroism.
  6677 | D:8      | Reached ** piety under Okawaru
  6755 | D:9      | Found a transporter.
  6765 | D:9      | Found a transporter.
  6775 | D:9      | Found a transporter.
  6776 | D:9      | Found a transporter.
  6788 | D:9      | 6788 ||| READING scroll of enchant armour.
  6788 | D:9      | 6788 ||| ENCHANTING +0 pair of gloves.
  6838 | D:9      | Found a shimmering altar of Xom.
  6839 | D:9      | 6839 ||| Stepping ~*~*~tactically~*~*~ (hiding).
  6883 | D:9      | 6883 ||| INVOKING Heroism.
  6959 | D:9      | Found a transporter.
  6989 | D:9      | Found a transporter.
  7082 | D:9      | 7082 ||| Stepping ~*~*~tactically~*~*~ (hiding).
  7086 | D:9      | Found a hazy altar of Hepliaklqana.
  7087 | D:9      | 7087 ||| INVOKING Heroism.
  7130 | D:9      | 7130 ||| Stepping ~*~*~tactically~*~*~ (hiding).
  7134 | D:9      | 7134 ||| Stepping ~*~*~tactically~*~*~ (hiding).
  7243 | D:9      | 7243 ||| Stepping ~*~*~tactically~*~*~ (hiding).
  7245 | D:9      | Identified the +1 ring mail of Karot {Will- Str+2 Dex+3}
  7311 | D:9      | 7311 ||| Stepping ~*~*~tactically~*~*~ (hiding).
  7387 | D:9      | Noticed a two-headed ogre
  7388 | D:9      | 7388 ||| INVOKING Heroism.
  7401 | D:9      | Killed a two-headed ogre
  7402 | D:9      | Reached skill level 6 in Shields
  7592 | D:9      | Killed an unseen horror
  7592 | D:9      | Reached *** piety under Okawaru
  7712 | D:9      | 7712 ||| UPGRADING to +2 cloak.
  7717 | D:9      | 7717 ||| READING 3 scrolls of identify.
  7717 | D:9      | 7717 ||| IDENTIFYING lumpy pink potion
  7718 | D:9      | 7718 ||| READING 2 scrolls of identify.
  7718 | D:9      | 7718 ||| IDENTIFYING blue potion
  7722 | D:10     | Entered Level 10 of the Dungeon
  7785 | D:10     | 7785 ||| Stepping ~*~*~tactically~*~*~ (stealth).
  7786 | D:10     | 7786 ||| Stepping ~*~*~tactically~*~*~ (stealth).
  7822 | D:10     | 7822 ||| Stepping ~*~*~tactically~*~*~ (stealth).
  7823 | D:10     | 7823 ||| Stepping ~*~*~tactically~*~*~ (stealth).
  7829 | D:10     | Reached XP level 11. HP: 65/68 MP: 14/14
  7839 | D:10     | 7839 ||| Stepping ~*~*~tactically~*~*~ (hiding).
  7862 | D:10     | 7862 ||| Stepping ~*~*~tactically~*~*~ (stealth).
  7864 | D:10     | 7864 ||| Stepping ~*~*~tactically~*~*~ (stealth).
  7882 | D:10     | Reached skill level 11 in Axes
  7897 | D:10     | 7897 ||| INVOKING Heroism.
  7966 | D:10     | 7966 ||| Stepping ~*~*~tactically~*~*~ (stealth).
  8018 | D:10     | Reached skill level 9 in Fighting
  8018 | D:10     | Reached **** piety under Okawaru
  8032 | D:10     | 8032 ||| Stepping ~*~*~tactically~*~*~ (stealth).
  8034 | D:10     | 8034 ||| Stepping ~*~*~tactically~*~*~ (hiding).
  8078 | D:10     | 8078 ||| Stepping ~*~*~tactically~*~*~ (stealth).
  8131 | D:10     | Found a staircase to the Lair.
  8133 | D:10     | 8133 ||| DROPPING +1 flail of draining.
  8204 | D:10     | Identified the +0 robe "Tyhaty" {rElec Dex+3}
  8204 | D:10     | Noticed a two-headed ogre
  8205 | D:10     | 8205 ||| INVOKING Heroism.
  8210 | D:10     | Killed a two-headed ogre
  8211 | D:10     | Reached skill level 9 in Armour
  8290 | D:10     | Found Enwowolay's Weapon Boutique.
  8372 | D:10     | Noticed a two-headed ogre
  8373 | D:10     | 8373 ||| INVOKING Heroism.
  8380 | D:10     | Killed a two-headed ogre
  8437 | D:10     | Reached skill level 6 in Invocations
  8439 | D:10     | 8439 ||| Stepping randomly (disturbance).
  8551 | D:10     | 8551 ||| Stepping ~*~*~tactically~*~*~ (hiding).
  8915 | D:10     | 8915 ||| PLANNING LAIR
  8915 | D:10     | 8915 ||| DROPPING +1 pair of boots.
  8916 | D:10     | 8916 ||| READING scroll labelled DUNIEZ ITZAEWI.
  8917 | D:10     | 8917 ||| READING 2 scrolls of identify.
  8917 | D:10     | 8917 ||| IDENTIFYING white potion
  8941 | Lair:1   | Entered Level 1 of the Lair of Beasts
  9086 | Lair:1   | 9086 ||| INVOKING Heroism.
  9114 | Lair:1   | Reached ***** piety under Okawaru
  9121 | Lair:1   | 9121 ||| Stepping ~*~*~tactically~*~*~ (stealth).
  9155 | Lair:1   | 9155 ||| INVOKING Heroism.
  9173 | Lair:1   | 9173 ||| INVOKING Heroism.
  9222 | Lair:1   | 9222 ||| INVOKING Heroism.
  9238 | Lair:1   | Reached XP level 12. HP: 76/76 MP: 15/17
  9255 | Lair:1   | Reached skill level 12 in Axes
  9420 | Lair:1   | Identified the +1 long sword of Success {drain, rPois rC+
                  | rCorr Dex+3}
  9422 | Lair:1   | 9422 ||| INVOKING Heroism.
  9554 | Lair:1   | 9554 ||| Stepping ~*~*~tactically~*~*~ (stealth).
  9568 | Lair:1   | 9568 ||| FLEEEEING.
  9569 | Lair:1   | 9569 ||| FLEEEEING.
  9570 | Lair:1   | 9570 ||| FLEEEEING.
  9571 | Lair:1   | 9571 ||| FLEEEEING.
  9572 | Lair:1   | 9572 ||| FLEEEEING.
  9573 | Lair:1   | 9573 ||| FLEEEEING.
  9574 | Lair:1   | 9574 ||| FLEEEEING.
  9575 | Lair:1   | 9575 ||| FLEEEEING.
  9576 | Lair:1   | 9576 ||| FLEEEEING.
  9585 | Lair:1   | 9585 ||| INVOKING Heroism.
  9615 | Lair:1   | 9615 ||| Stepping ~*~*~tactically~*~*~ (stealth).
  9616 | Lair:1   | 9616 ||| Stepping ~*~*~tactically~*~*~ (stealth).
  9710 | Lair:1   | Reached skill level 9 in Invocations
 10008 | Lair:1   | 10008 ||| Stepping ~*~*~tactically~*~*~ (stealth).
 10010 | Lair:1   | 10010 ||| INVOKING Heroism.
 10122 | Lair:1   | 10122 ||| DROPPING orb of energy.
 10152 | Lair:2   | 10152 ||| STAIRDANCE
 10225 | Lair:2   | Noticed a catoblepas
 10226 | Lair:2   | 10226 ||| INVOKING Heroism.
 10227 | Lair:2   | 10227 ||| INVOKING Finesse.
 10234 | Lair:2   | Killed a catoblepas
 10366 | Lair:2   | Found a hole to the Spider Nest.
 10388 | Lair:2   | 10388 ||| FLEEEEING.
 10391 | Lair:2   | 10391 ||| Stepping ~*~*~tactically~*~*~ (hiding).
 10402 | Lair:2   | 10402 ||| INVOKING Heroism.
 10679 | Lair:2   | 10679 ||| Stepping ~*~*~tactically~*~*~ (stealth).
 10681 | Lair:2   | 10681 ||| INVOKING Heroism.
 10858 | Lair:2   | Found a staircase to the Swamp.
 11131 | Lair:2   | 11131 ||| READING scroll labelled INESIQIYTO.
 11159 | Lair:3   | 11159 ||| INVOKING Heroism.
 11160 | Lair:3   | 11160 ||| Stepping ~*~*~tactically~*~*~ (stealth).
 11214 | Lair:3   | 11214 ||| FLEEEEING.
 11215 | Lair:3   | 11215 ||| FLEEEEING.
 11216 | Lair:3   | 11216 ||| STAIRDANCE
 11274 | Lair:3   | Reached skill level 13 in Axes
 11365 | Lair:3   | 11365 ||| INVOKING Heroism.
 11400 | Lair:3   | 11400 ||| Stepping ~*~*~tactically~*~*~ (hiding).
 11403 | Lair:3   | 11403 ||| INVOKING Heroism.
 11408 | Lair:3   | Reached XP level 13. HP: 60/82 MP: 17/20
 11424 | Lair:3   | 11424 ||| Stepping ~*~*~tactically~*~*~ (stealth).
 11526 | Lair:3   | 11526 ||| READING scroll of enchant weapon.
 11526 | Lair:3   | 11526 ||| ENCHANTING +2 war axe of venom.
 11546 | Lair:3   | Identified the +2 hand axe of Olilorchiod {freeze, Dex+5
                  | SInv}
 11630 | Lair:3   | Identified the +6 hand axe of Moral Flaws {freeze, Str+6
                  | Stlth+}
 11773 | Lair:3   | 11773 ||| INVOKING Heroism.
 11774 | Lair:3   | 11774 ||| SWAPPING to +0 morningstar.
 11775 | Lair:3   | 11775 ||| INVOKING Finesse.
 11784 | Lair:3   | 11784 ||| SWAPPING to +3 war axe of venom.
 12074 | Lair:3   | 12074 ||| Stepping ~*~*~tactically~*~*~ (stealth).
 12076 | Lair:3   | 12076 ||| Stepping ~*~*~tactically~*~*~ (stealth).
 12078 | Lair:3   | 12078 ||| INVOKING Heroism.
 12079 | Lair:3   | 12079 ||| INVOKING Finesse.
 12099 | Lair:3   | Reached skill level 14 in Axes
 12104 | Lair:3   | 12104 ||| FLEEEEING.
 12105 | Lair:3   | 12105 ||| FLEEEEING.
 12106 | Lair:3   | 12106 ||| FLEEEEING.
 12107 | Lair:3   | 12107 ||| FLEEEEING.
 12108 | Lair:3   | 12108 ||| FLEEEEING.
 12109 | Lair:3   | 12109 ||| FLEEEEING.
 12414 | Lair:3   | 12414 ||| READING scroll labelled XYPITHRELEZ.
 12515 | Lair:3   | 12515 ||| DRINKING 2 glowing brown potions.
 12516 | Lair:3   | 12516 ||| DROPPING potion of degeneration.
 12572 | Lair:4   | 12572 ||| INVOKING Heroism.
 12671 | Lair:4   | 12671 ||| Stepping ~*~*~tactically~*~*~ (hiding).
 12806 | Lair:4   | 12806 ||| Stepping ~*~*~tactically~*~*~ (stealth).
 12890 | Lair:4   | 12890 ||| SWAPPING to +0 broad axe.
 12891 | Lair:4   | 12891 ||| DROPPING +3 war axe of venom.
 13254 | Lair:4   | 13254 ||| INVOKING Heroism.
 13255 | Lair:4   | 13255 ||| INVOKING Finesse.
 13261 | Lair:4   | 13261 ||| SWAPPING to +0 morningstar.
 13265 | Lair:4   | Identified the +1 battleaxe "Beast's Nightmare" {venom,
                  | Drain rC+ rCorr SInv Stlth+} (Okawaru gifted it to you on
                  | level 4 of the Lair of Beasts)
 13265 | Lair:4   | Received a gift from Okawaru
 13266 | Lair:4   | 13266 ||| SWAPPING to +0 broad axe.
 13565 | Lair:4   | 13565 ||| UPGRADING to ring of see invisible.
 13567 | Lair:4   | 13567 ||| UPGRADING to ring of protection from cold.
 13569 | Lair:4   | 13569 ||| READING scroll labelled WYKHLY NOASUUV.
 13580 | Lair:5   | Entered Level 5 of the Lair of Beasts
 13584 | Lair:5   | 13584 ||| INVOKING Heroism.
 13600 | Lair:5   | 13600 ||| Stepping ~*~*~tactically~*~*~ (stealth).
 13691 | Lair:5   | 13691 ||| INVOKING Heroism.
 13692 | Lair:5   | 13692 ||| INVOKING Finesse.
 13724 | Lair:5   | 13724 ||| INVOKING Heroism.
 13870 | Lair:5   | 13870 ||| INVOKING Heroism.
 13902 | Lair:5   | 13902 ||| Stepping ~*~*~tactically~*~*~ (stealth).
 13910 | Lair:5   | 13910 ||| INVOKING Heroism.
 13912 | Lair:5   | Gained mutation: Your large and strong wings let you fly.
                  | [Gargoyle growth]
 13912 | Lair:5   | Reached XP level 14. HP: 63/90 MP: 18/21
 13914 | Lair:5   | Reached skill level 15 in Axes
 13952 | Lair:5   | 13952 ||| INVOKING Heroism.
 13958 | Lair:5   | HP: 21/90 [acid (8)]
 13959 | Lair:5   | 13959 ||| READING 3 scrolls of teleportation.
 13960 | Lair:5   | 13960 ||| DRINKING 6 potions of heal wounds.
 13962 | Lair:5   | HP: 5/90 [goliath frog (10)]
 13962 | Lair:5   | Splashed by a goliath frog's acid

Levels and vault maps discovered:
D:1:      minmay_arrival_checkered_box, layout_basic, serial_shops,
          nicolae_shop_bloodbath_and_beyond, minmay_misc_feat_more_columns
D:2:      layout_loops_ring, hellmonk_ecumenical_altar_leap_of_faith
D:3:      layout_basic, due_unseen_surprise
D:4:      layout_loops_ring, minitemple, serial_aquarium,
          aquarium_bridge_straight [aquarium_subvault_bridge,
          aquarium_subvault_wall, aquarium_subvault_bridge,
          aquarium_subvault_wall], aquarium_window_1, aquarium_window_fake,
          aquarium_window_corridor_1, aquarium_view_2d, aquarium_balcony_1b,
          aquarium_pool_split
D:5:      minmay_evil_eye, layout_cave_pools
D:6:      layout_basic, gup_sewer_entry_pipe
D:7:      layout_loops_ring, zin_statuary, tso_oasis_becter, temple_green,
          nicolae_nh_oracle_at_delphi
D:8:      layout_cave_pods, fedhas_ov_isle_minmay, gammafunk_ghost_smash,
          serial_column_ruins, column_ruins_hut, column_ruins_open_medium,
          column_ruins_open_medium, column_ruins_grid_1, uniq_grum
D:9:      kennysheep_kobold_camp, layout_long_grid, hangedman_feature_mirror,
          serial_nicolae_subway, nicolae_sub_station_crystal,
          nicolae_sub_station_stone, nicolae_sub_station_metal
D:10:     layout_basic, hellmonk_lair_entry_icy, serial_shops,
          nicolae_shop_tiny_statue_garden, kennysheep_generic_room_4
Temple:   nicolae_temple_bog_church
Lair:1:   layout_loops_ring
Lair:2:   layout_roguey, nicolae_swamp_entry_splash_gauntlet,
          spider_nest_entry_a
Lair:3:   layout_chaotic_city, kennysheep_basilisk_garden
Lair:4:   layout_hall_layers, grunt_megastairs_1, lemuel_fruit_fields
Lair:5:   minmay_lair_end_frog_pond, layout_long_grid,
          minmay_slime_entry_pillars, portal_ice_cave_entry_ice_simulacra,
          special_room [special_room_mythical_zoo], minivault_27

Skill      XL: |  1  2  3  4  5  6  7  8  9 10 11 12 13 14 |
---------------+-------------------------------------------+-----
Axes           | 2 3 4 5 6 7 8 9 10 11 13 14 15 | 15.0
Fighting       | 4 5 6 7 8 9 10 11 | 11.0
Dodging        | 1 2 |  2.4
Throwing       | 1 |  1.2
Armour         | 4 5 7 9 11 | 11.0
Invocations    | 4 7 10 | 10.0
Shields        | 4 6 7 |  7.0

Action                     |  1- 3 |  4- 6 |  7- 9 | 10-12 | 13-15 || total
---------------------------+-------+-------+-------+-------+-------++-------
  Melee: War axe           |    76 |    61 |   161 |   496 |   119 ||   913
         Broad axe         |       |       |       |       |   146 ||   146
         Morningstar       |       |       |       |       |    11 ||    11
  Throw: Boomerang         |     8 |    40 |   102 |       |       ||   150
 Invoke: Heroism           |       |       |     2 |    21 |    10 ||    33
         Finesse           |       |       |       |     1 |     4 ||     5
    Use: Scroll            |     4 |     3 |    13 |     8 |     4 ||    32
         Potion            |       |     3 |     1 |       |     2 ||     6
 Armour: Scale mail        |     1 |       |       |       |       ||     1
         Chain mail        |    53 |    35 |    57 |       |       ||   145
         Plate armour      |       |       |    35 |   239 |   120 ||   394
  Dodge: Dodged            |    26 |    26 |    50 |   114 |    56 ||   272
  Block: Buckler           |    10 |    21 |    73 |   202 |    84 ||   390
         Reflection        |       |       |     3 |     8 |     1 ||    12

Table legend:
 A = Non-vault XP
 B = Vault XP
 C = Vault XP percentage of total XP
 D = Non-vault monster count
 E = Vault monster count
 F = Vault count percentage of total count
                 A         B        C        D         E       F
            +---------+---------+-------+---------+---------+-------
      Total |   45447 |    9638 |  17.5 |     282 |      95 |  25.2
            +---------+---------+-------+---------+---------+-------
        D:1 |      16 |       0 |   0.0 |      11 |       0 |   0.0
        D:2 |      66 |       0 |   0.0 |      20 |       0 |   0.0
        D:3 |      52 |       0 |   0.0 |      17 |       0 |   0.0
        D:4 |     207 |       0 |   0.0 |      11 |       0 |   0.0
        D:5 |     497 |      87 |  14.9 |      20 |       2 |   9.1
        D:6 |     241 |      14 |   5.5 |       4 |       7 |  63.6
        D:7 |     892 |     131 |  12.8 |      22 |       2 |   8.3
        D:8 |    3194 |     428 |  11.8 |      24 |       3 |  11.1
        D:9 |    2636 |     255 |   8.8 |      17 |      23 |  57.5
       D:10 |    4042 |    2092 |  34.1 |      24 |       9 |  27.3
     Lair:1 |    8173 |       0 |   0.0 |      40 |       0 |   0.0
     Lair:2 |    1996 |    2090 |  51.2 |       7 |       7 |  50.0
     Lair:3 |   11298 |     993 |   8.1 |      26 |       5 |  16.1
     Lair:4 |    4301 |    1399 |  24.5 |      16 |       9 |  36.0
     Lair:5 |    7836 |    1999 |  20.3 |      23 |       8 |  25.8
      Sewer |       0 |     150 | 100.0 |       0 |      20 | 100.0
            +---------+---------+-------+---------+---------+-------
